 Dungeon Crawl Stone Soup version 0.28.0 (webtiles) character file.

Game seed: 17682902600199301908

1383 fragbeetle the Slicer (level 8, -4/43 HPs)
             Began as a Kobold Arcane Marksman on Feb 12, 2022.
             Splashed by a jelly's acid (8 damage)
             ... on level 6 of the Dungeon.
             The game lasted 00:15:49 (10125 turns).

fragbeetle the Slicer (Kobold Arcane Marksman)     Turns: 10125, Time: 00:15:50

Health: -4/43      AC: -10   Str:  9    XL:     8   Next: 99%
Magic:  0/9        EV: 12    Int: 15    God:
Gold:   259        SH:  6    Dex: 15    Spells: 7/9 levels left

rFire   . . .      SeeInvis .   a - +0 hand crossbow
rCold   . . .      Faith    .   j - +2 buckler
rNeg    + . .      Spirit   +   f - +0 ring mail
rPois   .          Reflect  .   (no helmet)
rElec   .          Harm     .   y - +1 cloak
rCorr   .          Rampage  .   p - +1 pair of gloves
Will    .....                   u - +0 pair of boots
Stlth   +++.......              I - amulet of guardian spirit
HPRegen 0.14/turn               t - ring of flight
MPRegen 0.11/turn               F - ring of positive energy

@: corroded, flying
A: small, no large weapons, nightstalker 3
a: no special abilities


You were on level 6 of the Dungeon.
You visited 1 branch of the dungeon, and saw 6 of its levels.

You collected 259 gold pieces.

Inventory:

Hand Weapons
 a - a +0 hand crossbow (weapon)
 b - a +0 short sword
 x - a +1 dagger of protection
 H - a +5 dagger
Missiles
 d - 88 bolts (quivered ammo)
Armour
 f - a +0 ring mail (worn)
 j - a +2 buckler (worn)
 p - a +1 pair of gloves (worn)
 u - a +0 pair of boots (worn)
 y - a +1 cloak (worn)
Jewellery
 t - a ring of flight (left hand)
 F - a ring of positive energy (right hand)
 I - an amulet of guardian spirit (around neck)
Wands
 c - a wand of polymorph (4)
 E - a wand of mindburst (4)
 K - a wand of digging (2)
Scrolls
 e - 2 scrolls of vulnerability {unknown}
 g - a scroll of fear {unknown}
 h - 2 scrolls of amnesia {unknown}
 s - a scroll of silence {unknown}
 v - a scroll of magic mapping {unknown}
 w - 2 scrolls of brand weapon {unknown}
 z - 5 scrolls of identify {unknown}
 A - a scroll of enchant armour {unknown}
 B - a scroll of teleportation {unknown}
 C - 2 scrolls of torment {unknown}
 J - a scroll of noise {unknown}
Potions
 i - a potion of brilliance
 k - a potion of resistance {unknown}
 l - a potion of might {unknown}
 m - a potion of berserk rage {unknown}
 n - a potion of attraction {unknown}
 o - 2 potions of haste
 q - a potion of heal wounds {unknown}
 r - 2 potions of degeneration {unknown}
 D - a potion of mutation {unknown}
 G - a potion of magic {unknown}


   Skills:
 - Level 1.1 Fighting
 - Level 10.0 Short Blades
 - Level 3.4 Crossbows
 - Level 2.4 Dodging
 - Level 5.0 Stealth
 - Level 1.1 Spellcasting
 - Level 3.0 Hexes
 + Level 6.3 Evocations


You had 7 spell levels left.
You knew the following spells:

 Your Spells              Type           Power      Damage    Failure   Level
a - Slow                  Hex            36%        N/A       32%         1
b - Apportation           Tloc           0%         N/A       73%         1

Your spell library contained the following spells:

 Spells                   Type           Power      Damage    Failure   Level
 Animate Skeleton         Necr           0%         N/A       73%         1
 Pain                     Necr           0%         1d4       73%         1
 Summon Small Mammal      Summ           0%         N/A       73%         1
 Static Discharge         Conj/Air       0%         N/A       86%         2
 Inner Flame              Hex/Fire       5%         N/A       87%         3
 Portal Projectile        Hex/Tloc       10%        N/A       87%         3
 Vampiric Draining        Necr           0%         2d6       97%         3
 Cause Fear               Hex            4%         N/A       97%         4
 Lightning Bolt           Conj/Air       0%         1d11      100%        5
 Maxwell's Capacitive Co  Air            0%         ∞         100%        8


Dungeon Overview and Level Annotations

Branches:
Dungeon (6/15)
 Temple: D:4-7

Altars:

Annotations:
D:3 1 runed translucent door, Crazy Yiuf


Innate Abilities, Weirdness & Mutations

You are small and have problems with some larger weapons.
You are completely attuned to the shadows.


Message History

The jelly is almost dead.
The jelly barely misses you.
You hit the jelly. The acid corrodes you!
Your hands burn!
The jelly is almost dead.
You hit the jelly but do no damage. The acid corrodes you!
Your hands burn!
The jelly is almost dead.
You block the jelly's attack.
You barely miss the jelly.
The jelly is almost dead.
You barely miss the jelly.
The jelly is almost dead.
The jelly hits you.
You are splashed with acid.
You hit the jelly but do no damage. The acid corrodes you!
Your hands burn!
The jelly is almost dead.
You hit the jelly but do no damage.
Your hands burn!
* * * LOW HITPOINT WARNING * * *
The jelly is almost dead.
You block the jelly's attack.
You hit the jelly but do no damage. The acid corrodes you!
Your hands burn!
* * * LOW HITPOINT WARNING * * *
The jelly is almost dead.
a - a +0 hand crossbow (weapon)
The jelly closely misses you.
You see here a +0 dagger.
You are too injured to fight recklessly!
Fire: 90 bolts
Press: ? - help, Q - select action, (/) - cycle Shift-Dir - straight line, f - jelly
Aim: a jelly (almost dead, 90% to hit)
You shoot a bolt.
The bolt hits the jelly but does no damage.
The jelly is almost dead.
You block the jelly's attack.
Fire: 89 bolts
Press: ? - help, Q - select action, (/) - cycle Shift-Dir - straight line, f/p - jelly
Aim: a jelly (almost dead, 90% to hit)
You shoot a bolt. The bolt barely misses the jelly.
The jelly hits you.
* * * LOW HITPOINT WARNING * * *
You are splashed with acid!
You die...

....>.......#.####
##...##...###.###
#...##...#.....#
#...######.#.#.# #...#
#.#.#.# #...######.#.#.#
###### ##........#....<###
#.....
......###...#.#...###.....
.....(# #...#.#.@J).(.....
......###...#.#...###.....
##.........##.#...# #.....
#...#####.##...... ######
#...# ........ #...# #...#
##...# #...##


You could see a jelly.

Vanquished Creatures
  A water moccasin (D:5)
  A sky beast (D:4)
  A centaur (D:4)
  3 scorpions (D:5)
  A gnoll sergeant (D:5)
  A wyvern zombie (D:6)
  4 wights
  A howler monkey (D:4)
  A centaur zombie (D:5)
  2 hounds
  A jelly (D:5)
  3 iguanas
  Ijyb (D:3)
  3 orc wizards
  9 adders
  10 gnolls
  6 worms
  3 dart slugs
  9 orcs
  2 bats
  7 endoplasms
  4 giant cockroaches
  20 goblins
  11 hobgoblins
  3 jackals (D:3)
  2 quokkas
  5 ball pythons
  5 frilled lizards
  A jackal skeleton (D:4)
  11 kobolds
  A rat (D:3)
133 creatures vanquished.

Notes
Turn   | Place    | Note
-------+----------+-------------------------------------------
     0 | D:1      | fragbeetle the Kobold Arcane Marksman began the quest for
                  | the Orb.
     0 | D:1      | Reached XP level 1. HP: 12/12 MP: 2/2
    49 | D:1      | Reached XP level 2. HP: 5/16 MP: 3/3
   384 | D:1      | Found a faded altar of an unknown god.
   402 | D:1      | Reached skill level 1 in Short Blades
   692 | D:1      | Reached XP level 3. HP: 20/20 MP: 4/4
   754 | D:1      | Reached skill level 2 in Short Blades
  1626 | D:2      | Reached skill level 3 in Short Blades
  1660 | D:2      | HP: 1/20 [poisoned by an adder]
  1676 | D:2      | Reached XP level 4. HP: 9/25 MP: 5/5
  2460 | D:3      | Learned a level 1 spell: Apportation
  2564 | D:3      | Reached skill level 4 in Short Blades
  2616 | D:3      | Found a runed translucent door.
  2619 | D:3      | Noticed Crazy Yiuf
  3026 | D:3      | Reached skill level 5 in Short Blades
  3026 | D:3      | Reached XP level 5. HP: 23/29 MP: 6/6
  3588 | D:3      | Noticed Ijyb
  3642 | D:3      | Killed Ijyb
  4288 | D:3      | Reached skill level 6 in Short Blades
  4602 | D:4      | Reached XP level 6. HP: 26/34 MP: 7/7
  4993 | D:4      | Reached skill level 7 in Short Blades
  5277 | D:4      | Reached skill level 8 in Short Blades
  5391 | D:4      | Reached XP level 7. HP: 22/38 MP: 8/8
  6166 | D:4      | Reached skill level 9 in Short Blades
  7155 | D:5      | Entered Level 5 of the Dungeon
  7225 | D:5      | Reached skill level 10 in Short Blades
  7225 | D:5      | Reached skill level 1 in Stealth
  7468 | D:5      | Reached XP level 8. HP: 42/43 MP: 9/9
  7565 | D:5      | Reached skill level 5 in Stealth
  7565 | D:5      | Reached skill level 1 in Evocations
  8991 | D:5      | Reached skill level 5 in Evocations
 10125 | D:6      | Splashed by a jelly's acid

Illustrated notes

Levels and vault maps discovered:
D:1:      amcnicky_arrival_flooded_fountain, layout_rooms,
          basic_ecumenical_altar
D:2:      layout_basic, minivault_11
D:3:      kennysheep_goblin_castle, layout_basic, uniq_crazy_yiuf_cottage
D:4:      layout_basic, st_stairs_5, nzn_random_ring
D:5:      layout_loops_cross, cheibrodos_sewer_entry_bend
D:6:      layout_loops_cross

Skill      XL: |  1  2  3  4  5  6  7  8 |
---------------+-------------------------+-----
Crossbows      | 3 |  3.4
Short Blades   | 1 3 5 6 8 10 | 10.0
Stealth        | 3 5 |  5.0
Evocations     | 6 |  6.3
Fighting       | |  1.1
Dodging        | |  2.4
Spellcasting   | |  1.1
Hexes          | |  3.0

Action                   |  1- 3 |  4- 6 |  7- 9 || total
-------------------------+-------+-------+-------++-------
Melee: Short sword       |    78 |   171 |       ||   249
       Dagger            |       |   266 |   798 ||  1064
 Fire: Hand crossbow     |    43 |    14 |     2 ||    59
Evoke: Wand              |       |       |     9 ||     9
  Use: Potion            |     2 |       |       ||     2
 Stab: Sleeping          |     2 |     9 |     3 ||    14
Armor: Robe              |     3 |       |       ||     3
       Ring mail         |    23 |   131 |   193 ||   347
       Skin              |       |    38 |       ||    38
Dodge: Dodged            |    61 |   147 |   220 ||   428
Block: Buckler           |    23 |   104 |   136 ||   263
